 Dungeon Crawl Stone Soup version 0.30.0-10-gfe55d96785 (webtiles) character file.

Game seed: 13866083678923765442

63 CaptainMV the Prestidigitator (level 4, -1/38 HPs)
             Began as a Gnoll Wanderer on May 15, 2023.
             Slain by an adder (3 damage)
             ... on level 2 of the Dungeon.
             The game lasted 00:10:06 (1063 turns).

CaptainMV the Prestidigitator (Gnoll Wanderer)      Turns: 1063, Time: 00:10:07

Health: -1/38      AC:  3    Str: 17    XL:     4   Next: 10%
Magic:  5/5        EV:  9    Int:  8    God:
Gold:   133        SH:  7    Dex: 11    Spells: 5/5 levels left

rFire   . . .        a - +0 war axe
rCold   . . .        e - +0 kite shield
rNeg    . . .        d - +0 leather armour
rPois   .            (no helmet)
rElec   .            (no cloak)
rCorr   .            (no gloves)
SInv    .            (no boots)
Will    .....        (no amulet)
Stlth   +            (no ring)
HPRegen 0.26/turn    (no ring)
MPRegen 0.09/turn

%: no passive effects
@: mighty, lethally poisoned (-1 -> -4)
A: fangs 1, strong nose, distributed training
a: no special abilities


You were on level 2 of the Dungeon.
You visited 1 branch of the dungeon, and saw 2 of its levels.

You collected 133 gold pieces.

Inventory:

Hand Weapons
 a - a +0 war axe (weapon)
 b - a +0 sling
 k - a +1 short sword
Armour
 d - a +0 leather armour (worn)
 e - a +0 kite shield (worn)
Magical Staves
 g - a staff of death
Wands
 l - a wand of flame (13) (quivered)
Potions
 c - a potion of attraction
 f - a potion of lignification


   Skills:
 + Level 4.6 Fighting
 + Level 4.6 Short Blades
 + Level 1.1 Long Blades
 + Level 1.1 Axes
 + Level 1.1 Maces & Flails
 + Level 1.1 Polearms
 + Level 1.1 Staves
 + Level 1.1 Ranged Weapons
 + Level 2.7 Throwing
 + Level 2.7 Armour
 + Level 1.1 Dodging
 + Level 1.1 Stealth
 + Level 1.1 Shields
 + Level 1.1 Unarmed Combat
 + Level 1.1 Spellcasting
 + Level 0.8 Conjurations
 + Level 0.8 Hexes
 + Level 0.8 Summonings
 + Level 0.8 Necromancy
 + Level 0.8 Translocations
 + Level 0.8 Transmutations
 + Level 0.8 Fire Magic
 + Level 0.8 Ice Magic
 + Level 0.8 Air Magic
 + Level 0.8 Earth Magic
 + Level 0.8 Poison Magic
 + Level 1.2 Invocations
 + Level 8.5 Evocations


You had 5 spell levels left.
You didn't know any spells.
Your spell library was empty.

Dungeon Overview and Level Annotations

Branches:
Dungeon (2/15)

Altars:

Shops:
D:1 =


Innate Abilities, Weirdness & Mutations

You have very sharp teeth.
Your uncanny sense of smell can sniff out nearby items.
Your experience applies equally to all skills.


Message History

You slash the adder!
You kill the adder!
You barely miss the adder.
You feel very sick. You block the adder's attack.
The kobold throws a stone.
The stone closely misses you. The adder bites you.
You have reached level 4!
You feel stronger.
You hit the adder.
The adder is lightly wounded.
You feel very sick. The adder misses you.
The kobold throws a stone.
You block the stone. The adder bites you but does no damage.
You miss the adder.
The adder is lightly wounded.
You feel sick. The adder bites you.
* * * LOW HITPOINT WARNING * * *
The adder bites you but does no damage.
You closely miss the adder.
The adder is lightly wounded.
You feel sick. The adder bites you.
* * * LOW HITPOINT WARNING * * *
You are lethally poisoned!
The adder poisons you!
The kobold throws a stone.
The stone closely misses you. The adder barely misses you.
The kobold throws a stone.
The stone hits you.
* * * LOW HITPOINT WARNING * * *
It was a potion of might.
You feel very mighty all of a sudden.
* * * LOW HITPOINT WARNING * * *
You feel sick. You block the adder's attack.
You closely miss the adder. Your bite misses the adder.
The adder is lightly wounded.
* * * LOW HITPOINT WARNING * * *
You feel very sick. You block the adder's attack. The adder closely misses you.
You closely miss the adder. Your bite misses the adder.
The adder is lightly wounded.
* * * LOW HITPOINT WARNING * * *
You feel sick. The adder bites you.
You die...

#..........#
#..........# #........#
##........##
####..........# ###
######..........K..#....
#.......................
................@.......
................†S......
.................?......
†......)).......^##.....
.............##.## .....
.............##!.# ....
.........<..###.... ...
...........## ..##. ...
#.############


You could see an adder and a kobold.

Vanquished Creatures
  An adder (D:2)
  A dart slug (D:1)
  3 bats (D:1)
  5 endoplasms (D:1)
  3 giant cockroaches (D:1)
  6 goblins
  6 jackals (D:1)
  8 kobolds
  A quokka (D:1)
  5 ball pythons
  A frilled lizard (D:1)
  5 rats
45 creatures vanquished.

Notes
Turn   | Place    | Note
-------+----------+-------------------------------------------
     0 | D:1      | CaptainMV the Gnoll Wanderer began the quest for the Orb.
     0 | D:1      | CaptainMV set off with the following items: a +1 short
                  | sword, a wand of flame (15), a potion of attraction, a +0
                  | leather armour.
     0 | D:1      | Reached XP level 1. HP: 20/20 MP: 1/1
    55 | D:1      | Reached XP level 2. HP: 22/26 MP: 2/2
   302 | D:1      | Reached XP level 3. HP: 26/31 MP: 3/3
   421 | D:1      | Reached skill level 1 in Invocations
   649 | D:1      | Reached skill level 1 in Long Blades
   649 | D:1      | Reached skill level 1 in Axes
   649 | D:1      | Reached skill level 1 in Maces & Flails
   649 | D:1      | Reached skill level 1 in Polearms
   649 | D:1      | Reached skill level 1 in Staves
   649 | D:1      | Reached skill level 1 in Ranged Weapons
   649 | D:1      | Reached skill level 1 in Dodging
   649 | D:1      | Reached skill level 1 in Stealth
   649 | D:1      | Reached skill level 1 in Shields
   649 | D:1      | Reached skill level 1 in Unarmed Combat
   649 | D:1      | Reached skill level 1 in Spellcasting
   689 | D:1      | Found Meleugim's Jewellery Shop.
  1058 | D:2      | Reached XP level 4. HP: 16/38 MP: 5/5
  1063 | D:2      | Slain by an adder

Illustrated notes

Levels and vault maps discovered:
D:1:      erik_arrival_cave_to_civilisation [erik_arrival_cave_to_hall],
          layout_loops_ring, serial_shops, nicolae_shop_behind_doors,
          grunt_decor_arrowhead
D:2:      layout_rooms

Skill      XL: |  1  2  3 |
---------------+----------+-----
Invocations    | 1 |  1.2
Long Blades    | 1 |  1.1
Axes           | 1 |  1.1
Maces & Flails | 1 |  1.1
Polearms       | 1 |  1.1
Staves         | 1 |  1.1
Ranged Weapons | 1 |  1.1
Dodging        | 1 |  1.1
Stealth        | 1 |  1.1
Shields        | 1 |  1.1
Unarmed Combat | 1 |  1.1
Spellcasting   | 1 |  1.1
Fighting       | |  4.6
Short Blades   | |  4.6
Throwing       | |  2.7
Armour         | |  2.7
Conjurations   | |  0.8
Hexes          | |  0.8
Summonings     | |  0.8
Necromancy     | |  0.8
Translocations | |  0.8
Transmutations | |  0.8
Fire Magic     | |  0.8
Ice Magic      | |  0.8
Air Magic      | |  0.8
Earth Magic    | |  0.8
Poison Magic   | |  0.8
Evocations     | |  8.5

Action                     |  1- 3 |  4- 6 || total
---------------------------+-------+-------++-------
  Melee: Short sword       |   109 |       ||   109
         Bite              |    17 |       ||    17
         War axe           |    52 |     5 ||    57
   Fire: Sling             |    11 |       ||    11
  Evoke: Wand              |     2 |       ||     2
    Use: Scroll            |     2 |       ||     2
         Potion            |       |     1 ||     1
 Armour: Leather armour    |    57 |     2 ||    59
  Dodge: Dodged            |    93 |     4 ||    97
  Block: Kite shield       |    52 |     3 ||    55
